AoeStats
← DogMarley15

Highland

504107478Analyzed
4v4 RM · 2mo ago on Sep 3, 2026· 44m 27s· 8 players
Game mode
Random Map
Map size
Large (8 player)
Population
200
Speed
Normal
Resources
Standard
Victory
Conquest
Starting age
Dark Age
Ending age
Imperial Age
RankedLock teamsTeams togetherTeam positionsShared explorationLock speedFull tech treeHidden civsTurbo modeCheats
Victory
Defeat
🇺🇸 Turks · United States
940
+14
🇺🇸 Turks · United States
901
+15
🇨🇴 Byzantines · Colombia
891
+16
🇬🇧 Turks · United Kingdom
888
+16
vs
🇫🇷 Britons · France
988
-19
🇺🇸 Dravidians · United States
974
-19
🇧🇷 Lithuanians · Brazil
807
-12
🇦🇷 Turks · Argentina
792
-11
Mattbearman1198
4:08 Loom
10:24 Feudal Age
12:29 Double-Bit Axe
16:40 Horse Collar
17:50 Wheelbarrow
22:38 Castle Age
24:58 Bow Saw
30:06 Imperial Age
28:16 Fortified Wall
28:10 Stone Mining
29:12 Forging
29:08 Scale Barding Armor
29:07 Husbandry
29:18 Bloodlines
30:43 Ballistics
32:23 Fletching
35:57 Iron Casting
36:09 Hand Cart
39:45 Elite Janissary
40:51 Conscription
41:36 Artillery
41:38 Gold Mining
42:33 Thumb Ring
44:51 Two-Man Saw
43:56 Heavy Plow
45:00 Gold Shaft Mining
Mr. S. Holmes
10:47 Loom
11:15 Loom
13:29 Feudal Age
15:06 Double-Bit Axe
15:25 Horse Collar
22:46 Castle Age
21:11 Stone Mining
21:12 Gold Mining
30:13 Imperial Age
30:30 Wheelbarrow
32:30 Forging
32:21 Scale Mail Armor
34:39 Heavy Camel Rider
36:43 Bow Saw
36:13 Pikeman
36:38 Arson
40:19 Logistica
39:31 Elite Cataphract
40:05 Halberdier
43:37 Iron Casting
43:08 Scale Barding Armor
DogMarley15
13:17 Feudal Age
14:48 Double-Bit Axe
14:47 Horse Collar
14:58 Stone Mining
15:01 Gold Mining
16:02 Loom
19:15 Castle Age
17:55 Padded Archer Armor
18:58 Scale Barding Armor
18:45 Fletching
20:34 Bow Saw
21:13 Forging
23:16 Town Watch
25:29 Heavy Plow
26:48 Wheelbarrow
32:44 Imperial Age
31:55 Hand Cart
31:42 Town Patrol
32:02 Leather Archer Armor
32:01 Bodkin Arrow
33:38 Bracer
34:09 Ring Archer Armor
33:52 Thumb Ring
35:10 Parthian Tactics
35:20 Conscription
36:08 Husbandry
36:19 Bloodlines
37:55 Gold Shaft Mining
38:13 Chain Barding Armor
38:29 Iron Casting
38:16 Ballistics
37:52 Murder Holes
37:38 Treadmill Crane
38:19 Bombard Tower
38:03 Capped Ram
40:07 Plate Barding Armor
40:33 Blast Furnace
39:49 Masonry
39:41 Heavy Cavalry Archer
42:42 Architecture
42:17 Artillery
44:21 Sipahi
marwenskio
11:52 Feudal Age
13:27 Double-Bit Axe
13:28 Horse Collar
15:44 Wheelbarrow
19:05 Castle Age
21:07 Bow Saw
21:00 Heavy Plow
21:24 Gold Mining
23:03 Hand Cart
23:22 Loom
23:23 Town Watch
27:54 Imperial Age
27:28 Town Patrol
36:16 Padded Archer Armor
Spicy Meatball
4:32 Loom
11:25 Feudal Age
20:11 Castle Age
33:46 Imperial Age
31:39 Fortified Wall
32:41 Wheelbarrow
32:10 Double-Bit Axe
32:17 Horse Collar
34:30 Bow Saw
34:22 Heavy Plow
34:31 Thumb Ring
35:15 Fletching
35:26 Padded Archer Armor
36:31 Chemistry
35:43 Masonry
36:17 Bodkin Arrow
36:57 Leather Archer Armor
37:06 Ballistics
36:50 Husbandry
37:47 Medical Corps
37:45 Bracer
38:39 Elite Elephant Archer
leticiav1995
9:22 Loom
12:36 Feudal Age
14:25 Horse Collar
23:28 Castle Age
21:45 Double-Bit Axe
22:13 Stone Mining
22:14 Gold Mining
23:53 Bloodlines
23:53 Scale Barding Armor
23:48 Scale Mail Armor
25:16 Husbandry
26:23 Forging
27:20 Wheelbarrow
27:47 Chain Mail Armor
28:33 Heavy Plow
31:07 Fletching
32:24 Hand Cart
33:15 Chain Barding Armor
34:45 Padded Archer Armor
37:40 Imperial Age
36:48 Squires
37:18 Bow Saw
37:49 Hill Forts
38:09 Caravan
39:37 Chemistry
39:55 Crop Rotation
39:13 Cavalier
41:57 Ballistics
41:22 Elite Leitis
42:14 Tower Shields
41:40 Elite Skirmisher
43:34 Plate Barding Armor
I love Macron
7:52 Loom
14:01 Feudal Age
17:55 Castle Age
19:16 Double-Bit Axe
19:20 Horse Collar
20:07 Heavy Plow
23:32 Bow Saw
25:57 Pikeman
26:25 Pikeman
30:26 Fletching
30:39 Elite Skirmisher
32:45 Bodkin Arrow
32:51 Padded Archer Armor
Arnold Chuacheneguer
7:49 Loom
11:30 Feudal Age
21:23 Castle Age
20:54 Double-Bit Axe
20:52 Horse Collar
21:32 Scale Barding Armor
21:39 Forging
23:12 Husbandry
23:23 Bloodlines
23:25 Squires
25:02 Heavy Plow
33:29 Wheelbarrow
38:03 Iron Casting
37:50 Chain Barding Armor
39:11 Fletching
Connection lost

Rejoining the realm…

Still unreachable

The connection could not be restored.

Session expired

The server has moved on; the page needs a fresh start.